 Dungeon Crawl Stone Soup version 0.30-a0-1050-g2766ea1e55 (webtiles) character file.

Game seed: 6905143312677255116

248 Arcadio the Grave Robber (level 6, -3/50 HPs)
             Began as a Ghoul Necromancer on Apr 10, 2023.
             Slain by a wraith (11 damage)
             ... in an ossuary.
             The game lasted 00:07:56 (3247 turns).

Arcadio the Grave Robber (Ghoul Necromancer)        Turns: 3247, Time: 00:07:57

Health: -3/50      AC:  3    Str: 12    XL:     6   Next: 12%
Magic:  9/9        EV: 12    Int: 12    God:
Gold:   298        SH:  0    Dex:  9    Spells: 2/10 levels left

rFire   . . .      SeeInvis .    n - +5 Force Lance {heavy, knockback}
rCold   + . .      Faith    .    (no shield)
rNeg    + + +      Spirit   .    a - +0 robe
rPois   ∞          Reflect  .    i - +0 helmet
rElec   .          Rampage  .    (no cloak)
rCorr   .                        (no gloves)
Will    .....                    (no boots)
Stlth   ++                       (no amulet)
HPRegen 0.00/turn                (no ring)
MPRegen 0.11/turn                (no ring)

@: inhibited regen, slowed, very slow
A: claws 1, cold resistance 1, negative energy resistance 3, inhibited
regeneration, torment resistance 2, devour on kill
a: no special abilities


You were in an ossuary.
You visited 1 branch of the dungeon, and saw 4 of its levels.
You also visited: Ossuary.

You collected 298 gold pieces.

Inventory:

Hand Weapons
 e - a +0 dagger of speed
 g - a +2 short sword of draining
 n - the +5 Force Lance (weapon) {heavy, knockback}
   (You found it on level 4 of the Dungeon)
 A - a +2 dire flail
Armour
 a - a +0 robe (worn)
 i - a +0 helmet (worn)
Wands
 p - a wand of mindburst (5)
 x - a wand of roots (7)
 y - a wand of flame (26)
Scrolls
 d - 3 scrolls of teleportation
 j - 2 scrolls of fear {unknown}
 k - 2 scrolls of butterflies
 m - a scroll of torment
 o - a scroll of enchant weapon
 q - a scroll of noise {unknown}
 s - a scroll of amnesia {unknown}
 v - a scroll of identify
 w - 2 scrolls of immolation {unknown}
Potions
 b - a potion of magic
 c - 2 potions of lignification {unknown}
 f - 2 potions of attraction {unknown}
 h - a potion of might {unknown}
 l - 2 potions of curing {unknown}
 r - a potion of degeneration {unknown}
 t - a potion of heal wounds {unknown}
 u - a potion of cancellation {unknown}
 z - a potion of invisibility {unknown}


   Skills:
 + Level 2.6 Fighting
 + Level 2.9 Dodging
 - Level 2.1 Stealth
 + Level 2.7 Spellcasting
 * Level 5.4 Necromancy


You had 2 spell levels left.
You knew the following spells:

 Your Spells              Type           Power      Damage    Failure   Level
a - Necrotise             Necr           56%        1d6       2%          1
b - Vampiric Draining     Necr           14%        2d7       8%          3
c - Animate Dead          Necr           14%        N/A       26%         4

Your spell library contained the following spells:

 Spells                   Type           Power      Damage    Failure   Level
 Slow                     Hex            4%         N/A       26%         1
 Lesser Beckoning         Tloc           2%         N/A       36%         2
 Confusing Touch          Hex            1%         N/A       58%         3
 Gell's Gravitas          Tloc           1%         N/A       58%         3
 Teleport Other           Tloc           1%         N/A       58%         3
 Vhi's Electric Charge    Tloc/Air       2%         N/A       58%         3
 Agony                    Necr           14%        N/A       58%         5
 Arcjolt                  Conj/Air       0%         1d10      100%        5
 Plasma Beam              Fire/Air       0%         2x1d11    100%        6


Dungeon Overview and Level Annotations

Branches:
Dungeon (4/15) Zot: 21017 Ossuary (1/1) Zot: 5707
 Temple: D:4-7

Altars:
Gozag


Innate Abilities, Weirdness & Mutations

You are immune to poison.
You have sharp fingernails.
Your flesh is cold resistant. (rC+)
You are immune to negative energy. (rN+++)
You do not regenerate when monsters are visible.
You are immune to unholy pain and torment.
You thrive by killing the living.


Message History

You barely miss the wight.
The wight hits you with a +2 dire flail.
You puncture the wight!
The wight is almost destroyed.
The wight hits you with a +2 dire flail!
The wight misses you.
You puncture the wight!
You destroy the wight!
You have reached level 6!
Things that are here:
a +2 dire flail; a +0 robe
A - a +2 dire flail Magic restored.
HP restored.
There is an open door here.
The flying skull gives a hideous shriek!
The flying skull gives a hideous shriek!
You open the door.
A wraith comes into view.
You closely miss the wraith. The wraith closely misses you.
You barely miss the wraith. The wraith hits you! x2
You puncture the wraith!
The wraith is moderately damaged.
The wraith barely misses you. The wraith hits you!
The wraith drains your vigour!
You feel yourself slow down.
You barely miss the wraith.
The wraith is moderately damaged.
The wraith hits you!
* * * LOW HITPOINT WARNING * * *
The wraith drains your vigour!
You feel as though you will be slow longer.
The wraith hits you but does no damage.
You closely miss the wraith.
The wraith is moderately damaged.
The wraith hits you but does no damage. The wraith hits you.
* * * LOW HITPOINT WARNING * * *
The wraith drains your vigour!
You feel as though you will be slow longer.
The wraith hits you!
You die...

###############
#............@#
#.'##.###.##W.#
#.#[#.#z#.#.#.#
#.###.###.###.#
#.............#
#.............#
#.###.....###.#
#.#z#.....#z#.#
#.###.....###.#


You could see a wraith and a flying skull.

Vanquished Creatures
  2 wights (Ossuary)
  2 orc priests
  A mummy (D:4)
  2 adders
  2 dart slugs
  3 orcs (D:3)
  4 endoplasms
  2 hobgoblins
  2 jackals (D:2)
  4 kobolds
  6 ball pythons
  A ball python skeleton (Ossuary)
  A bat (D:3)
  11 frilled lizards
  4 goblins
  A goblin zombie (D:4)
  2 hobgoblin zombies (Ossuary)
  3 kobold zombies (Ossuary)
  2 orc zombies (Ossuary)
  5 rats
60 creatures vanquished.

Vanquished Creatures (collateral kills)
  An endoplasm (D:1)
  2 frilled lizards (D:1)
  A kobold (D:3)
4 creatures vanquished.

Vanquished Creatures (others)
  6 plants (D:3)
6 creatures vanquished.

Grand Total: 70 creatures vanquished

Notes
Turn   | Place    | Note
-------+----------+-------------------------------------------
     0 | D:1      | Arcadio the Ghoul Necromancer began the quest for the Orb.
     0 | D:1      | Reached XP level 1. HP: 14/14 MP: 2/2
    57 | D:1      | Reached XP level 2. HP: 9/22 MP: 0/3
   551 | D:1      | Reached skill level 1 in Fighting
   919 | D:2      | Reached XP level 3. HP: 28/28 MP: 5/5
  1088 | D:2      | Learned a level 3 spell: Vampiric Draining
  1664 | D:2      | Reached XP level 4. HP: 11/35 MP: 0/6
  1968 | D:3      | Found an opulent altar of Gozag.
  2071 | D:3      | Reached XP level 5. HP: 28/41 MP: 4/7
  2090 | D:3      | Reached skill level 5 in Necromancy
  2566 | D:3      | Learned a level 4 spell: Animate Dead
  2869 | D:4      | Found the +5 Force Lance {heavy, knockback}
  2874 | D:4      | Found a sand-covered staircase.
  2971 | Ossuary  | Entered an ossuary
  3097 | Ossuary  | Noticed a wraith
  3097 | Ossuary  | Noticed a flying skull
  3104 | Ossuary  | Noticed a flying skull
  3106 | Ossuary  | Noticed a flying skull
  3132 | Ossuary  | Noticed a flying skull
  3145 | Ossuary  | Reached XP level 6. HP: 26/50 MP: 7/9
  3236 | Ossuary  | Noticed a flying skull
  3242 | Ossuary  | Noticed a wraith
  3247 | Ossuary  | Slain by a wraith

Illustrated notes

Levels and vault maps discovered:
D:1:      reono_arrival_forest_river, layout_basic, serial_bayou_pond_d,
          minmay_lizard_pond
D:2:      layout_basic
D:3:      layout_loops_cross, nicolae_gozag_seed_capital, serial_bayou_pond_c
D:4:      layout_basic, serial_shops, nicolae_shop_statue_plus,
          nicolae_ossuary_entry_giza, minmay_misc_feat_ornament,
          grunt_ministairs_11, uniq_ijyb
Ossuary:  ossuary_due_cavern

Skill      XL: |  1  2  3  4  5 |
---------------+----------------+-----
Dodging        | 2 |  2.9
Spellcasting   | 2 |  2.7
Fighting       | 1 2 |  2.6
Necromancy     | 5 |  5.4
Stealth        | |  2.1

Action                     |  1- 3 |  4- 6 || total
---------------------------+-------+-------++-------
  Melee: Unarmed           |    24 |       ||    24
         Short sword       |    23 |    30 ||    53
         Dagger            |     5 |       ||     5
         Lance             |       |    22 ||    22
         Punch             |       |     1 ||     1
   Cast: Necrotise         |    33 |    29 ||    62
    Use: Scroll            |     1 |     3 ||     4
   Stab: Sleeping          |       |     2 ||     2
 Armour: Robe              |     6 |     5 ||    11
  Dodge: Dodged            |    35 |    22 ||    57

Table legend: (Time is in decaauts)
 A = Elapsed time spent in this place.
 B = Non-inter-level travel time spent in this place.
 C = Inter-level travel time spent in this place.
 D = Time resting spent in this place.
 E = Time spent auto-exploring this place.
 F = Levels seen in this place.
 G = Mean time per level.
                   A        B        C        D        E       F      G
               +--------+--------+--------+--------+--------+-----+--------+
         Total |   3272 |   3159 |    113 |    161 |   2400 |   5 |  654.4 |
       Dungeon |   2982 |   2869 |    113 |    161 |   2211 |   4 |  745.5 |
       Ossuary |    290 |    290 |      0 |      0 |    189 |   1 |  290.0 |
               +--------+--------+--------+--------+--------+-----+--------+

Top non-repeatable levels by time:
     D:2: 1093 daAuts
     D:3: 907 daAuts
     D:1: 689 daAuts
     D:4: 292 daAuts
 Ossuary: 290 daAuts
